 Dungeon Crawl Stone Soup version 0.21.1-1-g345015fe64 (webtiles) character file.

74 DildoBatman the Sneak (level 4, -2/35 HPs)
             Began as a Formicid Enchanter on Apr 16, 2018.
             Slain by an orc (4 damage)
             ... on level 3 of the Dungeon.
             The game lasted 00:04:06 (1781 turns).

DildoBatman the Sneak (Formicid Enchanter)          Turns: 1781, Time: 00:04:07

Health: -2/35      AC:  5    Str: 14    XL:     4   Next: 54%
Magic:  2/7        EV: 11    Int: 18    God:
Gold:   139        SH:  0    Dex: 11    Spells: 3/7 levels left

rFire    . . .     SeeInvis +   a - +1 dagger
rCold    . . .     Gourm    .   (no shield)
rNeg     . . .     Faith    .   i - +0 ring mail
rPois    .         Spirit   .   (helmet unavailable)
rElec    .         Reflect  .   (no cloak)
rCorr    .         Harm     .   (no gloves)
MR       .....                  (no boots)
Stlth    ++........             (no amulet)
HPRegen  0.11/turn              d - +4 ring of intelligence
MPRegen  0.10/turn              (no ring)

@: very slightly contaminated
A: permanent stasis, dig shafts and tunnels, four strong arms, antennae 3
a: Dig, Shaft Self


You were on level 3 of the Dungeon.
You were hungry.

You visited 1 branch of the dungeon, and saw 3 of its levels.

You collected 139 gold pieces.

Inventory:

Hand Weapons
 a - a +1 dagger (weapon)
 s - a +0 hunting sling
Missiles
 j - 19 arrows
 k - 32 sling bullets
 l - 65 stones (quivered)
Armour
 i - a +0 ring mail (worn)
Jewellery
 d - a +4 ring of intelligence (left hand)
Scrolls
 b - 4 scrolls of teleportation {unknown}
 g - a scroll of blinking {unknown}
 h - a scroll of remove curse {unknown}
 n - a scroll of enchant weapon {unknown}
 o - a scroll of noise {unknown}
 p - a scroll of enchant armour {unknown}
 r - a scroll of magic mapping {unknown}
Potions
 e - a potion of flight {unknown}
 f - a potion of curing {unknown}
 m - 2 potions of haste {unknown}
 q - a potion of lignification {unknown}
 t - a potion of mutation {unknown}
Books
 c - a book of Maledictions

   Spells                             Type                      Level
   a - Corona                         Hexes                        1
   b - Ensorcelled Hibernation        Hexes/Ice                    2
   c - Confuse                        Hexes                        3
   d - Tukima's Dance                 Hexes                        3
   e - Dazzling Spray                 Conjuration/Hexes            3
 w - a book of Flames

   Spells                             Type                      Level
   a - Flame Tongue                   Conjuration/Fire             1
   b - Throw Flame                    Conjuration/Fire             2
   c - Conjure Flame                  Conjuration/Fire             3
   d - Inner Flame                    Hexes/Fire                   3
   e - Sticky Flame                   Conjuration/Fire             4
   f - Fireball                       Conjuration/Fire             5
Comestibles
 u - a chunk of flesh
 v - 10 rations


   Skills:
 - Level 3.0 Fighting
 - Level 1.0 Short Blades
 * Level 2.0 Armour
 - Level 2.0 Dodging
 - Level 4.0 Stealth
 - Level 2.1 Spellcasting
 - Level 3.6 Hexes


You had 3 spell levels left.
You knew the following spells:

 Your Spells              Type           Power        Failure   Level  Hunger
a - Corona                Hex            ###....      8%          1    #......
b - Confuse               Hex            ###.....     24%         3    ###....


Dungeon Overview and Level Annotations

Branches:
Dungeon (3/15)

Altars:

Annotations:
D:1 Natasha
D:2 1 exclusion


Innate Abilities, Weirdness & Mutations

You cannot be hasted, slowed, berserked, paralysed or teleported.
You can dig through walls and to a lower floor.
Your four strong arms can wield two-handed weapons with a shield.
You have a pair of large antennae on your head. (SInv)


Message History

The orc hits you.
You hit the orc but do no damage.
The orc is heavily wounded.
The orc hits you but does no damage.
You hit the orc but do no damage.
The orc is heavily wounded.
The orc barely misses you.
You hit the orc.
The orc is severely wounded.
The orc hits you.
You hit the orc but do no damage.
The orc is severely wounded.
The orc hits you but does no damage.
You hit the orc.
The orc is almost dead.
The orc closely misses you.
You hit the orc but do no damage.
The orc is almost dead.
The orc hits you.
You die...

#######......# .. .....##......#
... #.##.##......# ....
#.##.##......# {.S...
#.##.##......##############S.....
#.##.............{....{oo.'og....
#.##############.##########.o....
#.# ##o# ..... #'## #@## ###'
...# ### .<.# ...# ...# ...# ...#
...# ...#


You could see an orc.

Vanquished Creatures
  A gnoll (D:3)
  3 adders
  2 dart slugs (D:1)
  An orc (D:3)
  A giant cockroach (D:2)
  8 goblins
  2 hobgoblins (D:2)
  A jackal (D:3)
  2 quokkas
  4 bats
  4 frilled lizards
  3 kobolds
  4 rats
36 creatures vanquished.

Notes
Turn   | Place    | Note
-------+----------+-------------------------------------------
     0 | D:1      | DildoBatman the Formicid Enchanter began the quest for the Orb.
     0 | D:1      | Reached XP level 1. HP: 13/13 MP: 3/3
   174 | D:1      | Reached skill level 1 in Fighting
   301 | D:1      | Reached XP level 2. HP: 18/21 MP: 3/5
   880 | D:2      | Reached XP level 3. HP: 21/28 MP: 3/6
   886 | D:2      | Learned a level 3 spell: Confuse
  1266 | D:2      | Reached XP level 4. HP: 17/35 MP: 1/7
  1273 | D:2      | Noticed Natasha
  1649 | D:3      | Reached skill level 4 in Stealth
  1663 | D:3      | Reached skill level 1 in Armour
  1778 | D:3      | HP: 1/35 [orc (2)]
  1781 | D:3      | Slain by an orc

Skill      XL: |  1  2  3  4 |
---------------+-------------+-----
Fighting       | 1 2 3 |  3.0
Dodging        | 2 |  2.0
Stealth        | 4 |  4.0
Armour         | 2 |  2.0
Short Blades   | |  1.0
Spellcasting   | |  2.1
Hexes          | |  3.6

Action                   |  1- 3 |  4- 6 || total
-------------------------+-------+-------++-------
Melee: Dagger            |   103 |    71 ||   174
 Cast: Corona            |    29 |    10 ||    39
       Confuse           |     2 |       ||     2
 Abil: Dig               |     2 |     4 ||     6
 Stab: Sleeping          |     1 |     1 ||     2
  Eat: Chunk             |     1 |     3 ||     4
Armor: Ring mail         |    38 |    23 ||    61
Dodge: Dodged            |    52 |    34 ||    86
